 Dungeon Crawl Stone Soup version 0.19.0-11-g3fc08b3 (console) character file.

127 Kloppie the Skirmisher (level 4, 0/38 HPs)
             Began as a Demonspawn Berserker on Nov 8, 2016.
             Was a Believer of Trog.
             Killed by divine providence
             ... invoked by an orc priest
              (11 damage)
             ... on level 3 of the Dungeon.
             The game lasted 00:02:44 (1957 turns).

Kloppie the Skirmisher (Demonspawn Berserker)       Turns: 1957, Time: 00:02:44

Health: 0/38       AC: 10    Str: 18    XL:     4   Next: 85%
Magic:  4/4        EV:  7    Int:  8    God:    Trog [**....]
Gold:   118        SH:  0    Dex: 13    Spells: 0 memorised, 3 levels left

rFire  . . .     SeeInvis .     a - +0 mace
rCold  . . .     Gourm    .     s - +0 chain mail
rNeg   . . .     Faith    .     (no shield)
rPois  .         Spirit   .     (helmet restricted)
rElec  .         Reflect  .     o - +1 cloak
rCorr  .         Harm     .     (no gloves)
MR     .....                    (no boots)
Stlth  ..........               (no amulet)
                                (no ring)
                                (no ring)

@: exhausted, very slightly contaminated, starving, slowed, very slow
A: horns 1
a: Berserk, Trog's Hand, Burn Spellbooks, Renounce Religion


You were on level 3 of the Dungeon.
You worshipped Trog.
Trog was pleased with you.
You were starving.

You visited 1 branch of the dungeon, and saw 3 of its levels.

You collected 118 gold pieces.

Inventory:

Hand Weapons
 a - a +0 mace (weapon)
Armour
 o - a +1 cloak (worn)
 s - a +0 chain mail (worn)
Jewellery
 b - an uncursed amulet of guardian spirit {unknown}
 p - an uncursed ring of poison resistance {unknown}
 t - a cursed ring of loudness {unknown}
Wands
 m - a wand of confusion (33/48)
Scrolls
 d - 4 scrolls of identify {unknown}
 e - a scroll of noise {unknown}
 l - a scroll of recharging {unknown}
 r - a scroll of amnesia {unknown}
Potions
 g - a potion of haste {unknown}
 h - 2 potions of curing {unknown}
 i - a potion of magic {unknown}
 k - 2 potions of lignification {unknown}
 n - a potion of berserk rage {unknown}
Comestibles
 c - a bread ration
 f - a beef jerky
 j - a slice of pizza
 q - a meat ration


   Skills:
 + Level 4.5 Fighting
 + Level 4.0 Maces & Flails
 - Level 1.7 Armour
 - Level 1.7 Dodging


You had 3 spell levels left.
You didn't know any spells.

Dungeon Overview and Level Annotations

Branches:
Dungeon (3/15)

Altars:
Okawaru
Trog


Innate Abilities, Weirdness & Mutations

You have a pair of small horns on your head.


Message History

You closely miss the orc priest.
The orc priest is lightly wounded.
The orc priest hits you with a trident.
* * * LOW HITPOINT WARNING * * *
You hit the orc priest.
The orc priest is lightly wounded.
The orc priest hits you but does no damage.
The orc priest hits you with a trident.
* * * LOW HITPOINT WARNING * * *
You hit the orc priest but do no damage.
Your headbutt misses the orc priest.
The orc priest is lightly wounded.
The orc priest hits you but does no damage.
You're too hungry.
You hit the orc priest but do no damage.
The orc priest is lightly wounded.
The orc priest hits you but does no damage.
The orc priest calls down the wrath of Beogh upon you.
Beogh smites you!
You die...

# ...
#..###########.
#...†<)@o..$...
##.############


You could see an orc priest.

Vanquished Creatures
  Crazy Yiuf (D:2)
  An orc wizard (D:3)
  An adder (D:2)
  An ooze (D:2)
  3 worms (D:2)
  A dart slug (D:1)
  2 leopard geckos
  3 orcs (D:3)
  2 giant cockroaches (D:1)
  8 goblins
  4 hobgoblins
  2 jackals (D:1)
  4 kobolds (D:1)
  2 bats (D:1)
  2 frilled lizards
  6 rats
43 creatures vanquished.

Notes
Turn   | Place    | Note
-------+----------+-------------------------------------------
     0 | D:1      | Kloppie the Demonspawn Berserker began the quest for the Orb.
     0 | D:1      | Reached XP level 1. HP: 18/18 MP: 1/1
   294 | D:1      | Gained mutation: You have a pair of small horns on your head. [demonic ancestry]
   294 | D:1      | Reached XP level 2. HP: 18/24 MP: 2/2
   785 | D:1      | Reached ** piety under Trog
   841 | D:2      | Reached XP level 3. HP: 8/30 MP: 3/3
  1196 | D:2      | Noticed a moth of wrath
  1199 | D:2      | Found a bloodstained altar of Trog.
  1581 | D:2      | Found an iron altar of Okawaru.
  1859 | D:2      | Found a runed door.
  1863 | D:2      | Noticed Crazy Yiuf
  1867 | D:2      | Killed Crazy Yiuf
  1867 | D:2      | Reached XP level 4. HP: 37/37 MP: 4/4
  1957 | D:3      | Killed from afar by an orc priest

Skill      XL: |  1  2  3  4 |
---------------+-------------+-----
Maces & Flails | 3 4 |  4.0
Fighting       | 4 |  4.5
Armour         | |  1.7
Dodging        | |  1.7

Action                   |  1- 3 |  4- 6 || total
-------------------------+-------+-------++-------
Melee: Mace              |   115 |    16 ||   131
       Headbutt          |    23 |     2 ||    25
Invok: Berserk           |     1 |     1 ||     2
 Stab: Sleeping          |     2 |       ||     2
  Eat: Chunk             |     3 |       ||     3
Armor: Animal skin       |    11 |       ||    11
       Chain mail        |    13 |     9 ||    22
Dodge: Dodged            |    72 |     5 ||    77
